 Dungeon Crawl Stone Soup version 0.31-a0-1074-g0b22e4e0f1 (webtiles) character file.

Game seed: 974921077992287830

30 lunkers the Cudgeller (level 3, -1/31 HPs)
             Began as a Meteoran Fighter on Nov 27, 2023.
             Succumbed to Crazy Yiuf's poison
             ... on level 2 of the Dungeon.
             The game lasted 00:02:10 (659 turns).

lunkers the Cudgeller (Meteoran Fighter)             Turns: 659, Time: 00:02:10

Health: -1/31      AC:  6    Str: 17    XL:     3   Next: 58%
Magic:  4/4        EV: 14    Int: 10    God:
Gold:   31         SH:  5    Dex: 15    Spells: 2/2 levels left

rFire   + . .        a - +0 flail
rCold   + . .        c - +0 buckler
rNeg    . . .        b - +0 scale mail
rPois   +            (no helmet)
rElec   +            (no cloak)
rCorr   +            (no gloves)
SInv    .            (no boots)
Will    .....        (no amulet) Stlth
                     g - ring of resist corrosion
HPRegen 0.25/turn    (no ring)
MPRegen 0.09/turn

%: no passive effects
@: agile, lethally poisoned (-1 -> -11), resistant, glowing
A: sense surroundings 1, otherworldly, glowing, explore regen
a: no special abilities


You were on level 2 of the Dungeon.
You visited 1 branch of the dungeon, and saw 2 of its levels.

You collected 31 gold pieces.

Inventory:

Hand Weapons
 a - a +0 flail (weapon)
Armour
 b - a +0 scale mail (worn)
 c - a +0 buckler (worn)
Jewellery
 g - a ring of resist corrosion (left hand)
Scrolls
 f - a scroll of identify {unknown}
 h - a scroll of vulnerability {unknown}
 j - a scroll of amnesia {unknown}
Potions
 d - a potion of might
 e - a potion of enlightenment {unknown}
 i - a potion of heal wounds {unknown}
 k - a potion of attraction {unknown}


   Skills:
 - Level 3.2 Fighting
 * Level 4.8 Maces & Flails
 - Level 3.2 Armour
 - Level 3.2 Shields


You had 2 spell levels left.
You didn't know any spells.
Your spell library contained the following spells:

 Spells                   Type           Power      Damage    Failure   Level
 Blink                    Tloc           0%         N/A       94%         2
 Manifold Assault         Tloc           0%         N/A       100%        4


Dungeon Overview and Level Annotations

Branches:
Dungeon (2/15) Zot: 524

Altars:

Annotations:
D:2 Crazy Yiuf


Innate Abilities, Weirdness & Mutations

You passively map a small area around you.
You are easily found by Zot.
You glow in the dark.
You regain HP and MP as you explore.


Message History

You open the door. You closely miss Crazy Yiuf.
Crazy Yiuf laughs, "Key testudinal sallow!"
Crazy Yiuf hits you with a +3 quarterstaff of chaos.
You feel agile all of a sudden.
Unknown command.
You closely miss Crazy Yiuf. Crazy Yiuf closely misses you.
Unknown command.
Unknown command.
You hit Crazy Yiuf.
Crazy Yiuf is lightly wounded.
You block Crazy Yiuf's attack.
Unknown command.
You sock Crazy Yiuf!
Crazy Yiuf is heavily wounded.
Crazy Yiuf closely misses you. Crazy Yiuf barely misses you.
Unknown command.
You barely miss Crazy Yiuf.
Crazy Yiuf is heavily wounded.
Crazy Yiuf hits you with a +3 quarterstaff of chaos!
Crazy Yiuf freezes you.
* * * LOW HITPOINT WARNING * * *
You closely miss Crazy Yiuf.
Crazy Yiuf is heavily wounded.
Crazy Yiuf cries, "Hack ragdoll meccalolo!"
Crazy Yiuf closely misses you.
Unknown command.
You hit Crazy Yiuf.
Crazy Yiuf is severely wounded.
Crazy Yiuf hits you with a +3 quarterstaff of chaos.
* * * LOW HITPOINT WARNING * * *
You feel protected.
You closely miss Crazy Yiuf.
Crazy Yiuf is severely wounded.
Crazy Yiuf hits you with a +3 quarterstaff of chaos!
* * * LOW HITPOINT WARNING * * *
You are lethally poisoned!
You hit Crazy Yiuf but do no damage.
Crazy Yiuf is severely wounded.
You die...

#.....#
#####....########
, #.....# #....#
* ####### ♣....♣
♣♣...♣ * ♣♣.♣♣ ,
♣♣.♣ ♣.♣♣ ♣♣.♣ ,
* ♣@♣♣ , #g# ,
... * #...# #)..#
* ##### , , *


You could see Crazy Yiuf.

Vanquished Creatures
  2 dart slugs (D:1)
  2 endoplasms (D:1)
  3 giant cockroaches (D:1)
  3 goblins (D:1)
  2 hobgoblins (D:1)
  A quokka (D:1)
  4 ball pythons
  A frilled lizard (D:1)
  3 kobolds (D:1)
  4 rats
25 creatures vanquished.

Notes
Turn   | Place    | Note
-------+----------+-------------------------------------------
     0 | D:1      | lunkers the Meteoran Fighter began the quest for the Orb.
     0 | D:1      | Reached XP level 1. HP: 19/19 MP: 2/2
    36 | D:1      | Reached skill level 3 in Maces & Flails
    57 | D:1      | Reached XP level 2. HP: 24/26 MP: 3/3
   227 | D:1      | Reached skill level 4 in Maces & Flails
   282 | D:1      | Reached XP level 3. HP: 31/31 MP: 4/4
   486 | D:1      | Glimpsed the power of Zot.
   536 | D:1      | Glimpsed the power of Zot.
   646 | D:2      | Found a runed translucent door.
   647 | D:2      | Noticed Crazy Yiuf
   659 | D:2      | Succumbed to Crazy Yiuf's poison

Illustrated notes

Levels and vault maps discovered:
D:1:      spicycebolla_arrival_ecumenical, layout_loops_corners
D:2:      minmay_wonky_spiral, layout_basic, uniq_crazy_yiuf_cottage

Skill      XL: |  1  2 |
---------------+-------+-----
Maces & Flails | 3 4 |  4.8
Fighting       | |  3.2
Armour         | |  3.2
Shields        | |  3.2

Action                     || total
---------------------------++-------
  Melee: Flail             ||    73
 Armour: Scale mail        ||    42
  Dodge: Dodged            ||    25
  Block: Buckler           ||     8

Table legend: (Time is in decaauts)
 A = Elapsed time spent in this place.
 B = Non-inter-level travel time spent in this place.
 C = Inter-level travel time spent in this place.
 D = Time resting spent in this place.
 E = Time spent auto-exploring this place.
 F = Levels seen in this place.
 G = Mean time per level.
                   A        B        C        D        E       F      G
               +--------+--------+--------+--------+--------+-----+--------+
         Total |    675 |    660 |     15 |      0 |    439 |   2 |  337.5 |
       Dungeon |    675 |    660 |     15 |      0 |    439 |   2 |  337.5 |
               +--------+--------+--------+--------+--------+-----+--------+

Top non-repeatable levels by time:
     D:1: 563 daAuts
     D:2: 111 daAuts
